Map: Ley Lines

Players

ManlyManMeat - Winner!

  • Race: Zerg Zerg
  • League: Master
  • Spawn Location: 7:00

oettn

  • Race: Protoss Protoss
  • League: Platinum
  • Spawn Location: 1:00

VOD

Have the link to the VOD?

Description

Time

  • Played on: June 15, 2025, 11:42 a.m.
  • Length: 12:13
Show
View Real Time Build Order
Export as new Build Order

ManlyManMeat Zerg - Winner!

Build Orders: Hatch First 

Get SALT Encoding   

  12  0:07  Overlord  
  12  0:13  Drone  
  13  0:17  Drone  
  14  0:26  Drone  
  15  0:30  Drone  
  16  0:40  Drone  
  17  0:55  Drone  
  18  0:57  Hatchery  
  18  1:03  Drone  
  18  1:10  Spawning Pool  
  17  1:13  Drone  
  17  1:18  Extractor  
  17  1:23  Drone  
  18  1:34  Drone  
  19  1:44  Drone  
  20  1:57  Queen  
  22  2:02  Overlord  
  22  2:09  Queen  
  22  2:11  Zergling x4  
  26  2:17  Overlord  
  26  2:22  Metabolic Boost  
  26  2:28  Drone x2  
  28  2:43  Drone x2  
  28  2:44  Drone  
  31  2:47  Queen  
  33  3:07  Drone x2  
  33  3:08  Drone  
  35  3:23  Hatchery  
  33  3:30  Drone x2  
  35  3:37  Drone  
  35  3:39  Overlord x4  
  36  3:58  Extractor  
  36  3:59  Drone x5  
  36  4:00  Extractor  
  39  4:07  Hatchery  
  39  4:08  Lair  
  38  4:15  Roach Warren  
  37  4:19  Evolution Chamber  
  37  4:21  Drone  
  37  4:22  Evolution Chamber  
  36  4:31  Queen  
  36  4:35  Queen  
  40  4:38  Drone  
  40  4:39  Drone  
  40  4:42  Zergling x2  
  43  5:06  Zerg Melee Weapons Level 1, Zerg Ground Armor Level 1, Queen  
  43  5:10  Drone x4  
  43  5:11  Baneling Nest  
  48  5:22  Drone  
  48  5:23  Drone x5  
  54  5:31  Hydralisk Den  
  53  5:40  Zergling x14  
  59  6:01  Zergling x2  
  59  6:02  Zergling x22  
  71  6:10  Spore Crawler  
  71  6:11  Infestation Pit, Spore Crawler  
  69  6:14  Drone x2  
  70  6:27  Hydralisk x3  
  70  6:43  Hydralisk  
  70  6:44  Hydralisk x4  
  70  6:56  Hydralisk x3  
  71  7:02  Drone  
  71  7:03  Drone x3  
  75  7:10  Zerg Missile Weapons Level 1  
  75  7:15  Grooved Spines  
  75  7:29  Spore Crawler  
  74  7:30  Spore Crawler  
  74  7:35  Hydralisk x3  
  74  7:36  Overlord x3  
  79  7:50  Zergling x2  
  80  7:51  Overlord x3  
  80  7:52  Overlord x2  
  80  7:54  Drone  
  80  7:55  Drone  
  82  7:59  Drone x2  
  84  8:18  Hydralisk x5  
  84  8:19  Hydralisk  
  96  8:38  Glial Reconstitution  
  96  8:40  Roach x6  
  108  9:05  Hydralisk x4  
  116  9:10  Extractor x2  
  116  9:13  Extractor  
  116  9:14  Extractor  
  112  9:23  Hydralisk x3  
  112  9:24  Zergling x28  
  132  9:32  Overlord x3  
  132  9:40  Zergling x8  
  136  9:52  Zergling x14  
  142  10:07  Zergling x2  
  142  10:08  Zergling x16  
  142  10:11  Drone  
  142  10:12  Drone  
  148  10:29  Baneling x5  
  148  10:30  Baneling x8  
  148  10:31  Baneling x5  
  148  10:34  Drone  
  148  10:35  Drone x2  
  121  11:06  Zergling x18  
  121  11:07  Zergling x16  
  108  11:35  Hydralisk x4  
  108  11:36  Hydralisk x2  
  98  11:54  Baneling x4  
Show
View Real Time Build Order
Export as new Build Order

oettn Protoss 

Build Orders: 1 Gate Expand 

Get SALT Encoding   

  12  0:00  Probe  
  13  0:12  Probe  
  14  0:21  Pylon  
  14  0:24  Probe  
  15  0:36  Probe  
  15  0:42  Gateway  
  16  0:44  Probe  
  16  0:49  Assimilator  
  17  0:53  Probe  
  18  1:05  Probe  
  19  1:18  Probe  
  20  1:28  Nexus  
  20  1:30  Probe  
  21  1:42  Probe  
  21  1:46  Cybernetics Core  
  22  1:53  Pylon  
  22  1:54  Probe  
  22  1:57  Assimilator  
  23  2:11  Probe  
  23  2:14  Stalker  
  26  2:31  Gateway  
  26  2:38  Probe x2  
  26  2:42  Stargate  
  28  2:46  Probe x2  
  30  3:07  Stalker  
  31  3:12  Probe  
  31  3:13  Probe  
  36  3:24  Probe  
  35  3:34  Probe, Void Ray  
  39  3:36  Warp Gate  
  39  3:37  Probe  
  39  3:40  Stalker  
  40  3:48  Sentry  
  42  3:49  Probe x2  
  44  3:56  Pylon  
  44  3:59  Pylon  
  44  4:01  Phoenix  
  44  4:04  Probe x2  
  46  4:16  Probe x2  
  48  4:18  Adept  
  48  4:19  Adept  
  52  4:28  Probe x2  
  58  4:40  Probe x2  
  58  4:42  Void Ray  
  60  4:52  Probe x2  
  62  5:08  Pylon  
  62  5:10  Pylon, Assimilator x2  
  62  5:14  Pylon  
  62  5:26  Probe x2, Adept x2  
  68  5:31  Nexus  
  68  5:32  Pylon  
  72  5:36  Pylon  
  72  5:39  Void Ray  
  72  5:41  Probe x2  
  74  5:49  Phoenix  
  74  6:02  Probe x2  
  76  6:07  Forge  
  76  6:09  Adept  
  76  6:10  Adept  
  80  6:14  Probe x2  
  82  6:37  Probe x2  
  82  6:43  Adept x2  
  83  6:47  Probe  
  83  6:49  Probe x2  
  83  6:57  Void Ray  
  83  6:59  Probe  
  82  7:04  Probe x2  
  84  7:08  Probe  
  84  7:11  Adept x2  
  84  7:12  Probe  
  84  7:13  Probe  
  89  7:16  Probe  
  92  7:35  Photon Cannon  
  92  7:37  Photon Cannon  
  92  7:38  Shield Battery  
  92  7:39  Adept x2  
  92  7:40  Photon Cannon  
  92  7:43  Void Ray  
  100  7:44  Stargate  
  96  7:57  Twilight Council  
  96  8:00  Adept  
  96  8:01  Adept  
  100  8:13  Probe x3  
  100  8:17  Charge  
  103  8:22  Fleet Beacon  
  103  8:29  Pylon  
  103  8:30  Protoss Shields Level 1  
  103  8:32  Zealot x2  
  103  8:33  Pylon  
  115  8:35  Void Ray  
  115  8:36  Void Ray  
  115  8:37  Pylon  
  115  8:42  Pylon  
  115  8:50  Probe x3  
  118  8:57  Assimilator  
  118  8:58  Assimilator  
  118  9:02  Protoss Air Weapons Level 1, Probe x2  
  120  9:09  Nexus  
  120  9:11  Pylon  
  120  9:14  Flux Vanes  
  120  9:15  Pylon  
  120  9:17  Zealot x2  
  120  9:19  Pylon  
  120  9:20  Carrier  
  120  9:23  Carrier  
  136  9:37  Probe x2  
  136  9:38  Probe  
  139  9:49  Probe  
  141  9:52  Probe  
  141  9:53  Probe  
  141  9:54  Photon Cannon  
  141  9:55  Shield Battery, Photon Cannon, Zealot x2  
  141  9:57  Photon Cannon  
  146  10:00  Shield Battery  
  146  10:01  Probe  
  146  10:05  Probe x2  
  149  10:13  Probe  
  150  10:21  Probe x2  
  150  10:25  Probe x2  
  150  10:28  Zealot x2  
  158  10:29  Carrier  
  158  10:30  Carrier  
  158  10:33  Probe x2  
  172  10:36  Gateway  
  172  10:39  Gateway  
  172  10:40  Gateway  
  172  10:43  Gateway  
  172  10:44  Gateway  
  172  10:47  Gateway  
  172  10:51  Pylon  
  172  10:52  Pylon  
  172  10:53  Assimilator  
  172  10:54  Assimilator  
  145  11:10  Zealot x2  
  101  11:35  Zealot x2  
Tags
 
Add a new tag
Caveats
  • Supply blocks, unpowered buildings, or Contaminate may cause inaccurate times.
  • Supply counts are checked every 10 seconds.